 Dungeon Crawl Stone Soup version 0.23-a0-726-g9fa1570 (webtiles) character file.

48948 MalarOregon the Nimble (level 14, -1/106 HPs)
             Began as a Merfolk Enchanter on Jan 16, 2019.
             Was a High Priest of Dithmenos.
             Slain by an entropy weaver (13 damage)
             ... on level 4 of the Lair of Beasts on Jan 17, 2019.
             The game lasted 01:26:04 (21513 turns).

MalarOregon the Nimble (Merfolk Enchanter)         Turns: 21513, Time: 01:26:04

Health: -1/106     AC:  4    Str:  8    XL:     14   Next: 48%
Magic:  11/25      EV: 22    Int: 22    God:    Dithmenos [*****.]
Gold:   1298       SH:  5    Dex: 21    Spells: 12/28 levels left

rFire    . . .     SeeInvis .   a - +2 short sword (elec)
rCold    . . .     Gourm    .   (no shield)
rNeg     . . .     Faith    .   q - +2 robe
rPois    .         Spirit   .   A - +2 helmet
rElec    .         Reflect  +   p - +0 cloak
rCorr    .         Harm     .   l - +0 pair of gloves
MR       +....                  f - +2 pair of boots
Stlth    ++++++++..             s - +5 amulet of reflection
HPRegen  0.27/turn              c - +3 ring of intelligence
MPRegen  0.19/turn              w - +6 ring of dexterity

@: corroded, wreathed by umbra
A: change form in water, swift swim, stealthy swim
a: Shadow Step, Shadow Form, Renounce Religion


You were on level 4 of the Lair of Beasts.
You worshipped Dithmenos.
Dithmenos was extremely pleased with you.
You were hungry.

You visited 4 branches of the dungeon, and saw 17 of its levels.
You also visited: Sewer.

You collected 1298 gold pieces.

Inventory:

Hand Weapons
 a - a +2 short sword of electrocution (weapon)
   (You took it off an orc on level 8 of the Dungeon)
 b - a +4 scimitar of flaming
   (You found it on level 8 of the Dungeon)
 j - a +2 great sword of flaming
   (You found it on level 7 of the Dungeon)
 V - a +6 double sword
   (You took it off Urug on level 3 of the Lair of Beasts)
 X - the +8 whip "Snakebite" {curare, rPois, !f}
   (You found it on level 3 of the Lair of Beasts)

   It poisons the flesh of those it strikes.
   It protects you from poison.
Missiles
 m - 3 javelins (quivered)
 y - 24 tomahawks
 S - 6 silver javelins
Armour
 f - a +2 pair of boots (worn)
   (You found it on level 2 of the Dungeon)
 l - a +0 pair of gloves (worn)
   (You found it on level 6 of the Lair of Beasts)
 p - a +0 cloak (worn)
   (You took it off Maurice on level 9 of the Dungeon)
 q - a +2 robe (worn)
 A - a +2 helmet (worn)
   (You found it on level 6 of the Dungeon)
 M - +0 fire dragon scales
   (You found it on level 6 of the Lair of Beasts)
Jewellery
 c - a +3 ring of intelligence (left hand)
   (You found it on level 1 of the Dungeon)
 i - an uncursed ring of wizardry
   (You found it on level 1 of the Dungeon)
 s - a +5 amulet of reflection (around neck)
   (You found it on level 5 of the Dungeon)
 w - a +6 ring of dexterity (right hand)
   (You found it on level 7 of the Dungeon)
 z - an uncursed ring of see invisible
   (You found it on level 5 of the Dungeon)
 C - an uncursed ring of flight
   (You found it on level 7 of the Dungeon)
Wands
 d - a wand of iceblast (8)
   (You found it on level 7 of the Dungeon)
 u - a wand of paralysis (15)
   (You found it on level 6 of the Dungeon)
 v - a wand of digging (6)
   (You took it off Maurice on level 9 of the Dungeon)
 x - a wand of acid (4)
   (You found it on level 1 of the Lair of Beasts)
 B - a wand of clouds (9)
   (You took it off an orc priest on level 8 of the Dungeon)
 O - a wand of scattershot (4)
   (You found it on level 2 of the Lair of Beasts)
 R - a wand of enslavement (3)
   (You found it on level 3 of the Lair of Beasts)
Scrolls
 h - 11 scrolls of remove curse {@r2}
 t - 5 scrolls of identify {@r1}
 D - 6 scrolls of teleportation {@r4}
 G - 4 scrolls of amnesia
 J - 4 scrolls of fog
 K - 2 scrolls of magic mapping
 P - a scroll of enchant weapon
 Q - 4 scrolls of immolation {!r}
 U - a scroll of fear {unknown}
Potions
 g - 2 potions of haste {@q3}
 k - 4 potions of mutation {!q}
 n - 5 potions of curing {@q1}
 o - 2 potions of flight
 r - a potion of brilliance
 E - 2 potions of magic
 H - a potion of heal wounds {@q2}
 I - 4 potions of lignification {!q}
 L - 2 potions of berserk rage
 N - 2 potions of might
 W - 2 potions of degeneration {unknown}
Miscellaneous
 F - a lamp of fire
   (You found it on level 5 of the Lair of Beasts)
Comestibles
 e - 25 rations {!d}
 T - 2 chunks of flesh


   Skills:
 + Level 8.9 Fighting
 + Level 9.8(10.6) Short Blades
 + Level 6.2(8.5) Long Blades
 + Level 7.6 Throwing
 + Level 10.9 Dodging
 + Level 10.4 Stealth
 + Level 7.9 Spellcasting
 + Level 9.0 Hexes
 + Level 8.8 Ice Magic
 + Level 7.5 Poison Magic
 + Level 5.7 Invocations


You had 12 spell levels left.
You knew the following spells:

 Your Spells              Type           Power        Failure   Level  Hunger
a - Confusing Touch       Hex            #####.       1%          1    None
c - Confuse               Hex            #####...     1%          3    None
d - Tukima's Dance        Hex            #####...     1%          3    None
f - Mephitic Cloud        Conj/Pois/Air  ###.....     9%          3    None
x - Ensorcelled Hibernat  Hex/Ice        #####.       1%          2    None
y - Olgreb's Toxic Radia  Pois           #####...     3%          4    ###....

Your spell library contained the following spells:

 Spells                   Type           Power        Failure   Level  Hunger
 Corona                   Hex            #####..      1%          1    None
 Sting                    Conj/Pois      ####         1%          1    None
 Poisonous Vapours        Pois/Air       ####..       2%          2    None
 Dazzling Spray           Conj/Hex       ####..       3%          3    None
 Animate Skeleton         Necr           N/A          8%          1    None
 Apportation              Tloc           #.....       8%          1    None
 Summon Small Mammal      Summ           #...         8%          1    None
 Venom Bolt               Conj/Pois      ####......   41%         5    #####..


Dungeon Overview and Level Annotations

Branches:
Dungeon (9/15)             Temple (1/1) D:7            Lair (6/6) D:9
  Swamp (0/4) Lair:3       Spider (1/4) Lair:4        Slime (0/5) Lair:5
    Orc: D:9-12

Altars:
Ashenzari
Cheibriados
Dithmenos
Elyvilon
Fedhas
Gozag
Hepliaklqana
Kikubaaqudgha
Makhleb
Nemelex Xobeh
Okawaru
Qazlal
Ru
Sif Muna
Trog
Uskayaw
Vehumet
Wu Jian
Xom
Yredelemnul
Zin
The Shining One
Jiyva


Message History

You block the entropy weaver's attack.
The entropy weaver hits you but does no damage.
The entropy weaver misses you.
A torpor snail comes into view.
Being near the torpor snail leaves you feeling lethargic.
Unknown command.
You kill the jumping spider!
Dithmenos accepts your kill.
The jumping spider misses you. x2; You block the entropy weaver's attack. x2
The entropy weaver hits you!
* * * LOW HITPOINT WARNING * * *
The entropy weaver closely misses you. The jumping spider barely misses you.
The jumping spider bites you but does no damage.
Some of the chunks of flesh in your inventory have rotted away.
You climb upwards.
Welcome back to the Lair of Beasts!
You feel yourself speed up.
There is a hole to the Spider Nest here.
Unknown command.
Unknown command.
Unknown command.
Unknown command.
Unknown command.
Unknown command.
The entropy weaver is caught in a web!
The entropy weaver gestures wildly while chanting.
The entropic weave corrodes you!
The entropy weaver struggles to get unstuck from the web.
The jumping spider misses you. The jumping spider barely misses you.
The jumping spider leaps!
You don't know that spell.
Your hands begin to glow red.
The jumping spider leaps!
The entropy weaver struggles to get unstuck from the web.
You kill the jumping spider!
Dithmenos accepts your kill.
The entropy weaver pulls away from the web.
You hit the entropy weaver but do no damage.
The entropy weaver appears confused.
The entropy weaver hits you but does no damage.
The entropy weaver completely misses you.
The entropy weaver barely misses you. The entropy weaver hits you.
* * * LOW HITPOINT WARNING * * *
There is a hole to the Spider Nest here.
You barely miss the entropy weaver.
You hit the entropy weaver but do no damage.
The entropy weaver hits you!
* * * LOW HITPOINT WARNING * * *
The entropy weaver closely misses you.
The entropy weaver completely misses you.
The entropy weaver hits you!
You die...

### #.......##..####.##.)..# #.#
##.P#...##...##...#รท.### P.##
##...........##......## ...#
##........^^......#....##
...####.#...^...........###...#
....#.......^....^.^^...#.##.##
...........^....^.^..^....##.P#
.........#......^^.^.^#....#..#
........#.#.^^^^@^^........#..#
P.#.....#...^.^.a^...^..#..#..###
#.#....................##..#...P#
.#..........^.^..^......#.#......
#............^.^.^......#.#.....#
.................^......#.#.....#
....#...................#.#.....#
........................#.#......
........................#.#......


You could see an entropy weaver (confused).

Vanquished Creatures
  Gastronok (Lair:3)
  A fire dragon (Lair:6)
  Erolcha (D:9)
  5 hydras
  Erica (D:8)
  5 death yaks
  Sonja (Lair:3)
  A fire crab (Lair:6)
  Urug (Lair:3)
  5 oklob plants
  Maurice (D:9)
  A gargoyle (D:7)
  8 black mambas
  2 molten gargoyles (Lair:6)
  12 spiny frogs
  Joseph (D:8)
  11 komodo dragons
  A demonic crawler (Spider:1)
  2 polar bears
  4 jumping spiders
  14 blink frogs
  5 hippogriffs
  2 redbacks (Spider:1)
  2 tarantellas
  A human (D:8)
  9 wyverns
  37 yaks
  4 vampire mosquitoes (Lair:3)
  6 basilisks
  3 hogs (D:8)
  2 steam dragons (Lair:6)
  Grum (D:8)
  5 hell hounds (Lair:6)
  10 porcupines
  20 water moccasins
  An ice beast (D:9)
  A hornet zombie (D:7)
  9 orc warriors
  A phantom (D:6)
  3 sky beasts
  4 black bears
  6 ogres
  3 centaurs
  8 wolves
  10 crocodiles
  A big kobold (D:7)
  10 bullfrogs
  A water moccasin skeleton (D:5)
  4 scorpions
  5 killer bees (D:8)
  5 wights
  An electric eel (D:9)
  4 howler monkeys
  4 crimson imps
  5 lava snakes (Lair:6)
  2 quasits
  A centaur zombie (D:6)
  6 hounds
  4 jellies
  5 orc priests
  10 orc wizards
  2 bullfrog zombies
  3 iguanas
  3 worker ants
  A centaur simulacrum (D:9)
  A hound zombie (D:6)
  2 hound skeletons
  A killer bee simulacrum (D:9)
  A worker ant zombie (D:6)
  17 adders
  4 gnolls
  2 howler monkey skeletons
  3 shadow imps
  2 white imps (D:9)
  A howler monkey simulacrum (D:9)
  2 oozes
  2 adder skeletons (D:6)
  A worm (D:3)
  3 dart slugs
  7 leopard geckos
  53 orcs
  7 giant cockroaches
  5 goblins
  9 hobgoblins
  8 jackals
  10 kobolds
  6 quokkas
  6 bats
  6 frilled lizards
  A jackal skeleton (D:4)
  2 leopard gecko zombies
  2 quokka skeletons
  4 rats
  A butterfly (Lair:3)
  4 fungi
  6 plants
488 creatures vanquished.

Vanquished Creatures (others)
  A dancing weapon (D:4)
  7 fungi
  A plant (Lair:6)
9 creatures vanquished.

Grand Total: 497 creatures vanquished

Notes
Turn   | Place    | Note
-------+----------+-------------------------------------------
     0 | D:1      | MalarOregon the Merfolk Enchanter began the quest for the
                  | Orb.
     0 | D:1      | Reached XP level 1. HP: 13/13 MP: 3/3
   366 | D:1      | Reached XP level 2. HP: 14/20 MP: 1/5
   458 | D:1      | Learned a level 2 spell: Ensorcelled Hibernation
   640 | D:1      | Reached XP level 3. HP: 18/25 MP: 0/6
   938 | D:2      | Found an iron altar of Okawaru.
   973 | D:2      | Reached skill level 1 in Fighting
   973 | D:2      | Reached skill level 1 in Ice Magic
  1420 | D:3      | Reached XP level 4. HP: 32/32 MP: 4/7
  1669 | D:3      | Reached XP level 5. HP: 17/37 MP: 3/8
  1885 | D:3      | Found a glowing drain.
  1902 | Sewer    | Entered a sewer
  2163 | Sewer    | Noticed a crocodile
  2183 | Sewer    | Killed a crocodile
  2329 | Sewer    | Learned a level 3 spell: Confuse
  2333 | Sewer    | Learned a level 3 spell: Tukima's Dance
  2509 | D:3      | Reached XP level 6. HP: 44/44 MP: 7/10
  2821 | D:4      | You fall through a shaft for 2 floors!
  2887 | D:5      | Entered Level 5 of the Dungeon
  2892 | D:5      | Noticed a sky beast
  2900 | D:5      | Killed a sky beast
  3014 | D:5      | Reached XP level 7. HP: 48/51 MP: 8/11
  3776 | D:4      | Found a blossoming altar of Fedhas.
  3861 | D:4      | Reached skill level 1 in Throwing
  3861 | D:4      | Reached skill level 5 in Stealth
  4004 | D:4      | Reached XP level 8. HP: 56/58 MP: 2/13
  4018 | D:4      | Reached skill level 5 in Dodging
  4291 | D:4      | Found a glowing silver altar of Zin.
  4291 | D:4      | Noticed an angel
  4531 | D:4      | Noticed an oklob plant
  4775 | D:4      | Killed an oklob plant
  5258 | D:5      | Reached skill level 5 in Hexes
  5494 | D:6      | Reached XP level 9. HP: 65/65 MP: 15/15
  5527 | D:6      | Reached skill level 5 in Short Blades
  5848 | D:6      | Learned a level 1 spell: Confusing Touch
  5853 | D:6      | Learned a level 4 spell: Olgreb's Toxic Radiance
  6149 | D:6      | Reached skill level 1 in Poison Magic
  6150 | D:6      | Got a bone morningstar
  6626 | D:7      | Reached skill level 5 in Fighting
  6642 | D:7      | Found a large runed door.
  6659 | D:7      | Reached skill level 5 in Ice Magic
  6676 | D:7      | Found a large runed door.
  6848 | D:7      | Reached XP level 10. HP: 74/74 MP: 12/17
  6922 | D:7      | Found a staircase to the Ecumenical Temple.
  6992 | Temple   | Entered the Ecumenical Temple
  7682 | Temple   | Became a worshipper of Dithmenos the Shadowed
  7727 | D:7      | Reached skill level 5 in Spellcasting
  7900 | D:7      | Noticed a gargoyle
  7906 | D:7      | Found a large runed door.
  7906 | D:7      | Found a large runed door.
  8286 | D:7      | Killed a gargoyle
  8604 | D:8      | Found a white marble altar of Elyvilon.
  8613 | D:8      | Noticed Grum
  8638 | D:8      | Killed Grum
  8930 | D:8      | Noticed Joseph
  8933 | D:8      | Killed Joseph
  8953 | D:8      | Reached * piety under Dithmenos
  9326 | D:8      | Noticed Erica
  9379 | D:8      | Killed Erica
  9379 | D:8      | Reached XP level 11. HP: 45/81 MP: 6/19
  9880 | D:9      | Reached ** piety under Dithmenos
  9895 | D:9      | Reached skill level 1 in Long Blades
  9895 | D:9      | Reached skill level 5 in Throwing
 10007 | D:9      | HP: 2/81 [porcupine's spines (14)]
 10027 | D:9      | Found a staircase to the Lair.
 10516 | D:9      | Found a basalt altar of Yredelemnul.
 10762 | D:9      | Noticed Erolcha
 10773 | D:9      | Noticed a death yak
 11048 | D:9      | Noticed Maurice
 11067 | D:9      | Killed Maurice
 11075 | D:9      | Killed Erolcha
 11248 | D:9      | Learned a level 3 spell: Mephitic Cloud
 11397 | Lair:1   | Entered Level 1 of the Lair of Beasts
 11416 | Lair:1   | Reached *** piety under Dithmenos
 11508 | Lair:1   | Reached skill level 1 in Invocations
 11689 | D:9      | Found a basalt altar of Yredelemnul.
 11727 | D:9      | Killed a death yak
 11727 | D:9      | Reached skill level 5 in Poison Magic
 12071 | Lair:1   | Reached XP level 12. HP: 67/89 MP: 12/21
 13201 | Lair:2   | Noticed a six-headed hydra
 13212 | Lair:2   | Killed a four-headed hydra
 13824 | Lair:3   | Noticed Gastronok
 13896 | Lair:3   | Noticed Sonja
 13905 | Lair:3   | Killed Sonja
 14204 | Lair:3   | Found a staircase to the Swamp.
 14392 | Lair:3   | Killed Gastronok
 14634 | Lair:3   | Noticed Urug
 14643 | Lair:3   | Killed Urug
 14794 | Lair:3   | Reached **** piety under Dithmenos
 14794 | Lair:3   | Reached XP level 13. HP: 98/98 MP: 18/23
 14805 | Lair:3   | Found the +8 whip "Snakebite" {curare, rPois}
 15861 | Lair:4   | Reached skill level 10 in Dodging
 16045 | Lair:4   | Found a hole to the Spider Nest.
 17261 | Lair:5   | Reached skill level 5 in Long Blades
 18035 | Lair:5   | Found a staircase to the Slime Pits.
 18035 | Lair:5   | Found a viscous altar of Jiyva.
 18309 | Lair:6   | Entered Level 6 of the Lair of Beasts
 18352 | Lair:6   | Reached skill level 10 in Stealth
 18634 | Lair:5   | HP: 4/99 [death yak (10)]
 19288 | Lair:5   | Found a staircase to the Slime Pits.
 19317 | Lair:5   | Reached skill level 5 in Invocations
 19660 | Lair:6   | Reached XP level 14. HP: 93/106 MP: 12/25
 19691 | Lair:6   | Found a large runed door.
 19964 | Lair:6   | Found a large runed door.
 19984 | Lair:6   | Reached ***** piety under Dithmenos
 21468 | Spider:1 | Entered Level 1 of the Spider Nest
 21495 | Spider:1 | Noticed an entropy weaver
 21513 | Lair:4   | Slain by an entropy weaver

Vault maps used:
D:1:      ncdulo_halloftheorcs
D:2:      okawaru_metal_pillars_3
D:3:      cheibrodos_sewer_entry_bend, minmay_cut_off
D:4:      minmay_evil_eye, zin_angel, hangedman_abyss_or_decor_passed,
          tgw_fedhas
D:5:      first_ration
D:6:      hangedman_cross_stitches
D:7:      minmay_temple_entry_hall, minmay_hollow_rounded_squares
D:8:      grunt_livestock, elyvilon_altar_5, uniq_erica, uniq_joseph, uniq_grum
D:9:      minmay_lair_entry_grove, basic_altar, serial_ice, serial_ice_l,
          serial_ice_h, serial_ice_e, serial_ice_g, grunt_decor_cap,
          uniq_erolcha, uniq_maurice
Temple:   nicolae_temple_the_god_donut
Lair:1:   grunt_megastairs_4
Lair:2:   minivault_26, lemuel_fruit_tree
Lair:3:   minmay_guarded_unrand_snakebite, minmay_swamp_entry_swarm,
          lemuel_fruit_fields, uniq_sonja, uniq_gastronok, uniq_urug
Lair:4:   spider_nest_entry_web_field, serial_bayou, serial_bayou_pond_d,
          serial_bayou_shore_b, serial_bayou_pond_a, serial_bayou_pond_a,
          beast_lair_carwin_8
Lair:5:   slime_altar_1, minmay_lair_oklob_chamber, serial_bayou_shore_a
Lair:6:   cheibrodos_lair_end_hotspot
Spider:1: nicolae_spider_hall_of_the_moth_king, hangedman_spider_trapstep,
          uniq_frances, uniq_roxanne
Sewer:    sewer_the_crocodile

Skill      XL: |  1  2  3  4  5  6  7  8  9 10 11 12 13 14 |
---------------+-------------------------------------------+-----
Dodging        | 3 4 5 6 7 8 9 10 | 10.9
Fighting       | 1 2 3 4 5 6 7 8 |  8.9
Ice Magic      | 1 2 3 4 5 6 7 8 |  8.8
Short Blades   | 2 3 4 5 6 7 8 9 |  9.8
Stealth        | 4 5 6 7 8 9 10 | 10.4
Spellcasting   | 3 4 5 6 7 |  7.9
Hexes          | 4 5 6 7 8 9 |  9.0
Throwing       | 1 2 3 4 5 6 7 |  7.6
Poison Magic   | 2 3 5 6 7 |  7.5
Long Blades    | 2 4 5 6 |  6.2
Invocations    | 1 3 5 |  5.7

Action                   |  1- 3 |  4- 6 |  7- 9 | 10-12 | 13-15 || total
-------------------------+-------+-------+-------+-------+-------++-------
Melee: Dagger            |    86 |   205 |   504 |   120 |       ||   915
       Tailslap          |       |     2 |     1 |     6 |       ||     9
       Falchion          |       |       |   141 |       |       ||   141
       Short sword       |       |       |       |   266 |   267 ||   533
       Long sword        |       |       |       |     4 |       ||     4
       Scimitar          |       |       |       |    26 |    26 ||    52
Throw: Tomahawk          |       |       |       |       |    26 ||    26
       Javelin           |       |       |       |       |     9 ||     9
 Cast: Corona            |    10 |       |       |       |       ||    10
       Ensorcelled Hiber |    14 |    35 |    92 |   183 |   118 ||   442
       Confuse           |       |     1 |    16 |    30 |     6 ||    53
       Tukima's Dance    |       |       |     1 |     4 |       ||     5
       Confusing Touch   |       |       |       |    17 |    27 ||    44
       Olgreb's Toxic Ra |       |       |       |       |     5 ||     5
Evoke: Wand              |       |       |       |     5 |     6 ||    11
  Use: Scroll            |     9 |     5 |       |     9 |     1 ||    24
       Potion            |       |     1 |       |     5 |     5 ||    11
 Stab: Sleeping          |    11 |    20 |    68 |   116 |    91 ||   306
       Confused          |       |     1 |    15 |    28 |    29 ||    73
       Distracted        |       |       |       |     4 |       ||     4
  Eat: Chunk             |     3 |     7 |    12 |    25 |    14 ||    61
       Ration            |       |       |     1 |       |     2 ||     3
Armor: Robe              |    17 |    42 |    67 |    39 |    32 ||   197
       Animal skin       |       |       |       |    38 |       ||    38
       Skin              |       |       |       |       |    27 ||    27
Dodge: Dodged            |    55 |   155 |   233 |   342 |   221 ||  1006
Block: Other             |       |       |       |    80 |    56 ||   136
       Rpst.: Falchion   |       |       |     5 |       |       ||     5
       Long sword        |       |       |       |     2 |       ||     2
       Scimitar          |       |       |       |     8 |     5 ||    13

Table legend:
 A = Non-vault XP
 B = Vault XP
 C = Vault XP percentage of total XP
 D = Non-vault monster count
 E = Vault monster count
 F = Vault count percentage of total count
                 A         B        C        D         E       F
            +---------+---------+-------+---------+---------+-------
      Total |   41715 |   28211 |  40.3 |     351 |     126 |  26.4
            +---------+---------+-------+---------+---------+-------
        D:1 |      36 |       0 |   0.0 |      19 |       0 |   0.0
        D:2 |      46 |       0 |   0.0 |      13 |       0 |   0.0
        D:3 |     165 |       7 |   4.1 |      37 |       2 |   5.1
        D:4 |     493 |     575 |  53.8 |      21 |       2 |   8.7
        D:5 |     679 |       0 |   0.0 |      22 |       0 |   0.0
        D:6 |    1432 |     430 |  23.1 |      34 |       9 |  20.9
        D:7 |    1734 |    1049 |  37.7 |      34 |      10 |  22.7
        D:8 |    1415 |    2644 |  65.1 |      28 |      10 |  26.3
        D:9 |     962 |    4584 |  82.7 |      20 |      24 |  54.5
     Lair:1 |    3647 |     222 |   5.7 |      15 |       2 |  11.8
     Lair:2 |    2196 |       0 |   0.0 |       6 |       0 |   0.0
     Lair:3 |    4633 |    6103 |  56.8 |      23 |      18 |  43.9
     Lair:4 |    5740 |    2004 |  25.9 |      22 |      10 |  31.2
     Lair:5 |    6978 |    3052 |  30.4 |      21 |       6 |  22.2
     Lair:6 |    9626 |    7429 |  43.6 |      29 |      27 |  48.2
   Spider:1 |    1933 |       0 |   0.0 |       7 |       0 |   0.0
      Sewer |       0 |     112 | 100.0 |       0 |       6 | 100.0
            +---------+---------+-------+---------+---------+-------
